Monsters vs Ice Dragons
Created - April 15, 2021 at 19:15
Goals
|
Monsters |
1 |
0 |
1 |
0 |
1 |
3 |
Ice Dragons |
0 |
1 |
1 |
0 |
0 |
2 |
|
Shots
|
Monsters |
16 |
8 |
13 |
0 |
4 |
37 |
Ice Dragons |
12 |
9 |
10 |
0 |
4 |
31 |
|
1st period
1. Monsters , Matt Calvert 28 (Jared Knight 20) at 4:48
Penalties :
Mitch Marner (Cle) for Tripping (Minor) at 6:46, Corban Knight (Kin) for Goalie Interference (Minor) at 15:10
2nd period
2. Ice Dragons , Corban Knight 39 (Brandon Kozun 31, Luca Sbisa 20) at 0:57 (PP)
Penalties :
Aaron Ness (Cle) for Cross-checking (Minor) at 0:42, Corban Knight (Kin) for Holding (Minor) at 8:12, Juho Lammikko (Kin) for Interference (Minor) at 17:42
3rd period
3. Ice Dragons , Corban Knight 40 (Brandon Kozun 32) at 0:04
4. Monsters , Jared Knight 12 (Andrew Gordon 47, Shea Theodore 56) at 5:27
Penalties :
Corban Knight (Kin) for Hooking (Minor) at 1:23, Sam Carrick (Kin) for Holding (Minor) at 8:00, Jerome Gauthier-Leduc (Kin) for Holding (Minor) at 12:18
Overtime #1
No Goal
Penalties :
No Penalty
Shootout
Monsters, Emerson Etem - Shot Misses the Net
Ice Dragons, Corban Knight - Stopped by Eric Comrie
Monsters, Dominik Simon - Shot Misses the Net
Ice Dragons, Jordan LaVallee - Shot Misses the Net
Monsters, Andrew Gordon - Stopped by Chet Pickard
Ice Dragons, Billy Sweat - Stopped by Eric Comrie
Monsters, Matt Calvert - Goal!
Ice Dragons, Sam Carrick - Stopped by Eric Comrie
Penalties :
No Penalty
Goalie Stats
Eric Comrie (Cle), 29 saves from 31 shots - (0.935), W, 11-12-6, 65:00 minutes
Chet Pickard (Kin), 35 saves from 37 shots - (0.946), OTL, 31-20-3, 65:00 minutes
Players Stats for Monsters
Player Name G A P +/- PIM S H SB GA TA FO MP PP MP PK MP
------------------------------------------------------------------------------------
Aaron Ness 0 0 0 0 2 0 1 1 1 0 0/0 23:37 5:51 0:52
Andrew Gordon 0 1 1 2 0 0 0 0 0 0 0/2 20:07 5:55 0:35
Austin Watson 0 0 0 0 0 2 2 0 0 1 0/0 11:07 0:41 0:11
Beau Starrett 0 0 0 0 0 0 3 0 0 0 0/3 8:24 0:00 0:00
Bobby Farnham 0 0 0 0 0 0 2 1 0 1 0/0 8:38 0:00 0:00
David Kolomatis 0 0 0 1 0 1 0 2 0 1 0/0 13:07 0:00 0:00
Dillon Heatherington 0 0 0 1 0 0 0 4 0 1 0/0 13:07 0:00 0:00
Dominik Simon 0 0 0 -1 0 5 1 1 0 0 11/19 22:50 4:53 0:09
Emerson Etem 0 0 0 -1 0 1 4 0 1 1 1/3 24:59 5:15 1:30
Jared Knight 1 1 2 2 0 3 2 0 0 0 6/12 14:38 1:06 0:00
Justin Florek 0 0 0 0 0 4 4 0 1 0 2/7 15:01 5:55 0:00
Matt Calvert 1 0 1 2 0 6 3 1 0 0 2/2 20:27 5:58 0:35
Mitch Marner 0 0 0 -1 2 4 1 0 2 0 1/1 16:28 0:13 0:00
Morgan Rielly 0 0 0 0 0 1 2 0 0 1 0/0 24:05 5:51 0:52
Ondrej Kase 0 0 0 0 0 2 0 0 1 0 0/0 16:19 5:46 1:28
Roman Josi 0 0 0 0 0 2 3 2 3 0 0/0 28:15 6:03 1:22
Ryan Fitzgerald 0 0 0 0 0 2 0 0 0 0 2/7 8:47 0:00 0:00
Shea Theodore 0 1 1 0 0 4 0 0 1 2 0/0 27:48 6:03 1:22
Players Stats for Ice Dragons
Player Name G A P +/- PIM S H SB GA TA FO MP PP MP PK MP
------------------------------------------------------------------------------------
Alex Henriksson 0 0 0 0 0 0 0 0 0 0 0/1 3:09 0:00 2:43
Alex Lintuniemi 0 0 0 -1 0 0 0 0 0 0 0/0 4:00 0:00 0:00
Alex Plante 0 0 0 -1 0 1 0 3 0 0 0/0 22:50 1:06 5:17
Billy Sweat 0 0 0 0 0 3 0 0 0 0 2/2 14:50 0:52 2:36
Brandon Kozun 0 2 2 0 0 0 1 0 0 1 1/2 16:11 1:22 0:00
Chris Wagner 0 0 0 -1 0 4 1 0 1 1 0/0 11:10 0:00 0:00
Cole Ully 0 0 0 0 0 0 0 0 0 0 0/0 2:12 0:00 0:26
Corban Knight 2 0 2 0 6 4 0 0 1 2 13/29 21:59 1:22 3:15
David Shields 0 0 0 0 0 0 0 0 0 0 0/0 10:39 0:00 0:00
Emil Pettersson 0 0 0 -1 0 0 1 0 0 2 2/2 11:10 0:00 0:00
Jerome Gauthier-Leduc 0 0 0 0 2 0 0 0 0 0 0/0 10:38 0:00 0:00
Jordan LaVallee 0 0 0 0 0 2 1 0 0 0 3/3 24:29 1:22 6:06
Juho Lammikko 0 0 0 0 2 1 0 1 0 0 1/1 9:10 0:00 0:00
Justin Shugg 0 0 0 0 0 0 1 0 0 0 0/0 10:50 0:52 0:00
Kevin Connauton 0 0 0 1 0 1 2 0 3 2 0/0 27:31 1:08 6:37
Logan MacMillan 0 0 0 -1 0 6 0 0 0 0 1/1 11:10 0:00 0:00
Luca Sbisa 0 1 1 1 0 3 1 2 0 1 0/0 27:31 1:08 6:37
Mario Lucia 0 0 0 0 0 0 0 0 0 0 2/3 5:04 0:00 4:12
Phil Di Giuseppe 0 0 0 0 0 0 1 0 0 0 0/0 1:43 0:00 0:00
Robin Norell 0 0 0 -1 0 0 0 0 0 0 0/0 4:00 0:00 0:00
Sam Carrick 0 0 0 0 2 2 1 0 0 0 3/7 15:21 0:52 3:07
Samuel Groulx 0 0 0 -1 0 3 0 0 1 1 0/0 22:50 1:06 5:17
Theodor Blueger 0 0 0 0 0 0 0 1 0 0 3/5 10:28 0:00 1:23
Thomas Gobeil 0 0 0 0 0 0 0 0 0 0 0/0 0:00 0:00 0:00
William Carrier 0 0 0 0 0 1 0 1 2 0 0/0 9:05 0:00 0:00
3 Stars
1 - Jared Knight (Cle)
2 - Matt Calvert (Cle)
3 - Chet Pickard (Kin)
Power Play
Monsters - 0 on 6 Attempt(s) - 0.00%
Ice Dragons - 1 on 2 Attempt(s) - 50.00%
Penalty Kill
Monsters - 1 on 2 Attempt(s) - 50.00%
- Score 0 goal in Penalty Kill
Ice Dragons - 6 on 6 Attempt(s) - 100.00%
- Score 0 goal in Penalty Kill
Team Stat
Monsters - Hits : 28 - Faceoff Wins : 25 - Blocked Shots : 12 - Penalty Minutes : 4
Ice Dragons - Hits : 10 - Faceoff Wins : 31 - Blocked Shots : 8 - Penalty Minutes : 12
Official
Referees : Unknown
Linesman : Unknown
Game Notes
No Game Note
Finance
Level 1 -- Attendance: 1488 (74.40%) -- Ticket Income $59,520
Level 2 -- Attendance: 741 (74.10%) -- Ticket Income $14,820
Total Attendance: 2229 (74.30%)
Total Ticket Income: $74,340
Other Income: $3,717
Total Income: $78,057
Monsters
5 vs 5 Forward
Center Left Wing Right Wing Time % Phy DF OF
1 Dominik Simon Emerson Etem Mitch Marner 40 1 2 2
2 Jared Knight Matt Calvert Andrew Gordon 30 1 2 2
3 Ryan Fitzgerald Justin Florek Ondrej Kase 20 1 2 2
4 Beau Starrett Austin Watson Bobby Farnham 10 1 2 2
5 vs 5 Defense
Defense Defense Time % Phy DF OF
1 Roman Josi Shea Theodore 40 1 2 2
2 Morgan Rielly Aaron Ness 30 1 2 2
3 David Kolomatis Dillon Heatherington 20 1 2 2
4 Morgan Rielly Roman Josi 10 1 2 2
PowerPlay Forward
Center Left Wing Right Wing Time % Phy DF OF
1 Justin Florek Emerson Etem Andrew Gordon 60 1 2 2
2 Dominik Simon Matt Calvert Ondrej Kase 40 1 2 2
PowerPlay Defense
Defense Defense Time % Phy DF OF
1 Roman Josi Shea Theodore 60 1 2 2
2 Morgan Rielly Aaron Ness 40 1 2 2
Penalty Kill 4 Players Forward
Center Wing Time % Phy DF OF
1 Emerson Etem Ondrej Kase 60 1 2 2
2 Andrew Gordon Matt Calvert 40 1 2 2
Penalty Kill 4 Players Defense
Defense Defense Time % Phy DF OF
1 Roman Josi Shea Theodore 60 1 2 2
2 Morgan Rielly Aaron Ness 40 1 2 2
Penalty Kill - 3 Players Forward
Forward Time % Phy DF OF
1 Emerson Etem 60 1 2 2
2 Andrew Gordon 40 1 2 2
Penalty Kill - 3 Players Defense
Defense Defense Time % Phy DF OF
1 Roman Josi Shea Theodore 60 1 2 2
2 Morgan Rielly Aaron Ness 40 1 2 2
4 vs 4 Forward
Center Wing Time % Phy DF OF
1 Emerson Etem Dominik Simon 60 1 2 2
2 Andrew Gordon Matt Calvert 40 1 2 2
4 vs 4 Defense
Defense Defense Time % Phy DF OF
1 Roman Josi Shea Theodore 60 1 2 2
2 Morgan Rielly Aaron Ness 40 1 2 2
Last Minutes Offensive
Center Left Wing Right Wing Defense Defense
Matt Calvert Emerson Etem Andrew Gordon Roman Josi Shea Theodore
Last Minutes Defensive
Center Left Wing Right Wing Defense Defense
Matt Calvert Emerson Etem Andrew Gordon Roman Josi Shea Theodore
Goaltenders
Starting : Eric Comrie
Backup : Phoenix Copley
Extra Forwards
Normal : Emerson Etem, Matt Calvert, Andrew Gordon - PP : Emerson Etem, Matt Calvert - PK : Emerson Etem
Extra Defensemen
Normal : David Kolomatis, Dillon Heatherington, Roman Josi - PP : David Kolomatis - PK : Dillon Heatherington, Roman Josi
Penalty Shots
Emerson Etem, Dominik Simon, Andrew Gordon, Matt Calvert, Justin Florek
Scratches
Joakim Nordstrom (Healthy), Matt Grzelcyk (Healthy), Cameron Hughes (Healthy), Maxim Mamin (Healthy), Francis Perron (Healthy)
Richard Nejezchleb (Healthy)
Ice Dragons
5 vs 5 Forward
Center Left Wing Right Wing Time % Phy DF OF
1 Corban Knight Jordan LaVallee Brandon Kozun 40 1 2 2
2 Sam Carrick Billy Sweat Justin Shugg 30 1 2 2
3 Emil Pettersson Logan MacMillan Chris Wagner 20 1 2 2
4 Theodor Blueger William Carrier Juho Lammikko 10 1 2 2
5 vs 5 Defense
Defense Defense Time % Phy DF OF
1 Kevin Connauton Luca Sbisa 40 1 2 2
2 Samuel Groulx Alex Plante 30 1 2 2
3 David Shields Jerome Gauthier-Leduc 20 1 2 2
4 Robin Norell Alex Lintuniemi 10 1 2 2
PowerPlay Forward
Center Left Wing Right Wing Time % Phy DF OF
1 Corban Knight Jordan LaVallee Brandon Kozun 60 1 2 2
2 Sam Carrick Billy Sweat Justin Shugg 40 1 2 2
PowerPlay Defense
Defense Defense Time % Phy DF OF
1 Kevin Connauton Luca Sbisa 60 1 2 2
2 Samuel Groulx Alex Plante 40 1 2 2
Penalty Kill 4 Players Forward
Center Wing Time % Phy DF OF
1 Corban Knight Jordan LaVallee 60 1 2 2
2 Billy Sweat Sam Carrick 40 1 2 2
Penalty Kill 4 Players Defense
Defense Defense Time % Phy DF OF
1 Kevin Connauton Luca Sbisa 60 1 2 2
2 Samuel Groulx Alex Plante 40 1 2 2
Penalty Kill - 3 Players Forward
Forward Time % Phy DF OF
1 Corban Knight 60 1 2 2
2 Jordan LaVallee 40 1 2 2
Penalty Kill - 3 Players Defense
Defense Defense Time % Phy DF OF
1 Kevin Connauton Luca Sbisa 60 1 2 2
2 Samuel Groulx Alex Plante 40 1 2 2
4 vs 4 Forward
Center Wing Time % Phy DF OF
1 Corban Knight Jordan LaVallee 60 1 2 2
2 Billy Sweat Sam Carrick 40 1 2 2
4 vs 4 Defense
Defense Defense Time % Phy DF OF
1 Kevin Connauton Luca Sbisa 60 1 2 2
2 Samuel Groulx Alex Plante 40 1 2 2
Last Minutes Offensive
Center Left Wing Right Wing Defense Defense
Corban Knight Jordan LaVallee Brandon Kozun Kevin Connauton Luca Sbisa
Last Minutes Defensive
Center Left Wing Right Wing Defense Defense
Corban Knight Jordan LaVallee Brandon Kozun Kevin Connauton Luca Sbisa
Goaltenders
Starting : Chet Pickard
Backup : Joacim Eriksson
Extra Forwards
Normal : Phil Di Giuseppe, Cole Ully, Mario Lucia - PP : Phil Di Giuseppe, Cole Ully - PK : Mario Lucia
Extra Defensemen
Normal : David Shields, Jerome Gauthier-Leduc, Robin Norell - PP : David Shields - PK : Jerome Gauthier-Leduc, Robin Norell
Penalty Shots
Corban Knight, Jordan LaVallee, Billy Sweat, Sam Carrick, Logan MacMillan
Scratches
Zach Trotman (Suspend), Oscar Dansk (Healthy), Brandon Halverson (Healthy)
% Time on Ice - Monsters
Lines # - Real PCT - Wanted PCT - Time Play
Normal Forward
1 - 36% - 40% - 16:36
2 - 26% - 30% - 12:05
3 - 19% - 20% - 8:47
4 - 18% - 10% - 8:24
Normal Defense
1 - 39% - 40% - 17:51
2 - 33% - 30% - 14:57
3 - 28% - 20% - 12:37
4 - 1% - 10% - 0:27
PP Forward
1 - 52% - 60% - 6:08
2 - 48% - 40% - 5:46
PP Defense
1 - 51% - 60% - 6:03
2 - 49% - 40% - 5:51
PK Forward
1 - 74% - 60% - 1:39
2 - 26% - 40% - 0:35
PK Defense
1 - 61% - 60% - 1:22
2 - 39% - 40% - 0:52
PK3 Forward
1 - 0% - 60%
2 - 0% - 40%
PK3 Defense
1 - 0% - 60%
2 - 0% - 40%
44 Forward
1 - 92% - 60% - 4:37
2 - 8% - 40% - 0:23
44 Defense
1 - 56% - 60% - 2:48
2 - 44% - 40% - 2:12
Last Minute Offensive - 0:00
Last Minute Defensive - 0:00
Total
Forward - 65:00
Defense - 65:00
|
% Time on Ice - Ice Dragons
Lines # - Real PCT - Wanted PCT - Time Play
Normal Forward
1 - 34% - 40% - 15:22
2 - 22% - 30% - 10:15
3 - 24% - 20% - 11:10
4 - 20% - 10% - 9:05
Normal Defense
1 - 37% - 40% - 17:11
2 - 32% - 30% - 14:35
3 - 22% - 20% - 10:06
4 - 9% - 10% - 4:00
PP Forward
1 - 61% - 60% - 1:22
2 - 39% - 40% - 0:52
PP Defense
1 - 51% - 60% - 1:08
2 - 49% - 40% - 1:06
PK Forward
1 - 78% - 60% - 9:18
2 - 22% - 40% - 2:36
PK Defense
1 - 56% - 60% - 6:37
2 - 44% - 40% - 5:17
PK3 Forward
1 - 0% - 60%
2 - 0% - 40%
PK3 Defense
1 - 0% - 60%
2 - 0% - 40%
44 Forward
1 - 78% - 60% - 3:53
2 - 22% - 40% - 1:07
44 Defense
1 - 63% - 60% - 3:08
2 - 37% - 40% - 1:52
Last Minute Offensive - 0:00
Last Minute Defensive - 0:00
Total
Forward - 65:00
Defense - 65:00
|
Play-by-Play
1st period
0:01 of 1st period - Mitch Marner wins face-off versus Corban Knight in neutral zone.
0:45 of 1st period - Wrist shot by Matt Calvert.
0:45 of 1st period - Shot Misses the Net.
0:47 of 1st period - Wrist shot by Justin Florek.
0:47 of 1st period - Stopped by Chet Pickard with a rebound.
0:49 of 1st period - Slapshot by Shea Theodore.
0:49 of 1st period - Stopped by Chet Pickard with a rebound.
0:51 of 1st period - Wrist shot by Ryan Fitzgerald.
0:51 of 1st period - Stopped by Chet Pickard with a rebound.
0:53 of 1st period - Slapshot by Ryan Fitzgerald.
0:53 of 1st period - Stopped by Chet Pickard with a rebound.
0:55 of 1st period - Slapshot by Roman Josi.
0:55 of 1st period - Deflect By Samuel Groulx.
0:55 of 1st period - Stopped by Chet Pickard without a rebound.
0:56 of 1st period - Theodor Blueger wins face-off versus Beau Starrett in Ice Dragons zone.
1:14 of 1st period - Jerome Gauthier-Leduc is hit by Austin Watson and loses puck.
2:06 of 1st period - Sam Carrick is hit by Justin Florek and loses puck.
2:15 of 1st period - Slapshot by Shea Theodore.
2:15 of 1st period - Stopped by Chet Pickard with a rebound.
2:46 of 1st period - David Shields is hit by Bobby Farnham and loses puck.
3:05 of 1st period - Snap shot by Logan MacMillan.
3:05 of 1st period - Stopped by Eric Comrie with a rebound.
3:16 of 1st period - Off-side.
3:17 of 1st period - Dominik Simon wins face-off versus Corban Knight in neutral zone.
3:30 of 1st period - Wrist shot by Jordan LaVallee.
3:30 of 1st period - Stopped by Eric Comrie with a rebound.
3:32 of 1st period - Wrist shot by Kevin Connauton.
3:32 of 1st period - Stopped by Eric Comrie with a rebound.
4:02 of 1st period - Wrist shot by Billy Sweat.
4:02 of 1st period - Stopped by Eric Comrie with a rebound.
4:44 of 1st period - Wrist shot by Matt Calvert.
4:44 of 1st period - Stopped by Chet Pickard without a rebound.
4:45 of 1st period - Jared Knight wins face-off versus Corban Knight in Ice Dragons zone.
4:46 of 1st period - Snap shot by Matt Calvert.
4:46 of 1st period - Shot Blocked by Alex Plante.
4:48 of 1st period - Snap shot by Matt Calvert.
4:48 of 1st period - Goal by Matt Calvert - Monsters : 1 - Ice Dragons : 0.
4:49 of 1st period - Corban Knight wins face-off versus Dominik Simon in neutral zone.
5:34 of 1st period - Kevin Connauton is hit by Matt Calvert and loses puck.
5:51 of 1st period - Wrist shot by Justin Florek.
5:51 of 1st period - Stopped by Chet Pickard with a rebound.
6:04 of 1st period - Icing by Luca Sbisa.
6:05 of 1st period - Theodor Blueger wins face-off versus Beau Starrett in Ice Dragons zone.
6:12 of 1st period - Slapshot by Luca Sbisa.
6:12 of 1st period - Shot Blocked by Roman Josi.
6:37 of 1st period - Wrist shot by Jordan LaVallee.
6:37 of 1st period - Shot Misses the Net.
6:46 of 1st period - Minor Penalty to Mitch Marner for Tripping.
6:47 of 1st period - Emerson Etem wins face-off versus Corban Knight in Monsters zone.
7:44 of 1st period - Icing by Kevin Connauton.
7:45 of 1st period - Sam Carrick wins face-off versus Andrew Gordon in Ice Dragons zone.
7:50 of 1st period - Snap shot by Billy Sweat.
7:50 of 1st period - Stopped by Eric Comrie with a rebound.
8:46 of 1st period - Penalty to Mitch Marner is over, Mitch Marner is back on ice.
9:35 of 1st period - Snap shot by Billy Sweat.
9:35 of 1st period - Stopped by Eric Comrie with a rebound.
9:52 of 1st period - Icing by Ondrej Kase.
9:53 of 1st period - Corban Knight wins face-off versus Ryan Fitzgerald in Monsters zone.
10:40 of 1st period - Snap shot by Chris Wagner.
10:40 of 1st period - Stopped by Eric Comrie with a rebound.
10:42 of 1st period - Slapshot by David Shields.
10:42 of 1st period - Deflect By Logan MacMillan.
10:42 of 1st period - Stopped by Eric Comrie with a rebound.
11:00 of 1st period - Snap shot by Austin Watson.
11:00 of 1st period - Deflect By Bobby Farnham.
11:00 of 1st period - Shot Misses the Net.
11:00 of 1st period - Puck is out of play.
11:01 of 1st period - Corban Knight wins face-off versus Jared Knight in Ice Dragons zone.
11:12 of 1st period - Slapshot by Jordan LaVallee.
11:12 of 1st period - Shot Misses the Net.
11:26 of 1st period - Justin Shugg is hit by Justin Florek and loses puck.
11:35 of 1st period - Slapshot by Sam Carrick.
11:35 of 1st period - Deflect By Billy Sweat.
11:35 of 1st period - Shot Blocked by Roman Josi.
11:35 of 1st period - Puck is out of play.
11:36 of 1st period - Dominik Simon wins face-off versus Sam Carrick in Monsters zone.
12:46 of 1st period - Slapshot by Mitch Marner.
12:46 of 1st period - Stopped by Chet Pickard without a rebound.
12:47 of 1st period - Theodor Blueger wins face-off versus Dominik Simon in Ice Dragons zone.
13:16 of 1st period - Snap shot by Theodor Blueger.
13:16 of 1st period - Shot Misses the Net.
14:07 of 1st period - Snap shot by William Carrier.
14:07 of 1st period - Shot Misses the Net.
14:09 of 1st period - Snap shot by Alex Plante.
14:09 of 1st period - Stopped by Eric Comrie with a rebound.
14:17 of 1st period - Snap shot by Dominik Simon.
14:17 of 1st period - Stopped by Chet Pickard with a rebound.
14:31 of 1st period - Snap shot by Dominik Simon.
14:31 of 1st period - Stopped by Chet Pickard with a rebound.
14:43 of 1st period - Wrist shot by Mitch Marner.
14:43 of 1st period - Stopped by Chet Pickard with a rebound.
14:48 of 1st period - Off-side.
14:49 of 1st period - Jared Knight wins face-off versus Corban Knight in neutral zone.
14:52 of 1st period - Wrist shot by Andrew Gordon.
14:52 of 1st period - Deflect By Jared Knight.
14:52 of 1st period - Shot Misses the Net.
14:52 of 1st period - Puck is out of play.
14:53 of 1st period - Jared Knight wins face-off versus Corban Knight in Ice Dragons zone.
15:08 of 1st period - Snap shot by Matt Calvert.
15:08 of 1st period - Shot Misses the Net.
15:10 of 1st period - Minor Penalty to Corban Knight for Goalie Interference.
15:11 of 1st period - Mario Lucia wins face-off versus Justin Florek in Ice Dragons zone.
15:36 of 1st period - Wrist shot by Ondrej Kase.
15:36 of 1st period - Shot Misses the Net.
16:10 of 1st period - Slapshot by Ondrej Kase.
16:10 of 1st period - Stopped by Chet Pickard with a rebound.
16:12 of 1st period - Snap shot by Matt Calvert.
16:12 of 1st period - Shot Misses the Net.
16:14 of 1st period - Snap shot by Matt Calvert.
16:14 of 1st period - Stopped by Chet Pickard without a rebound.
16:15 of 1st period - Justin Florek wins face-off versus Alex Henriksson in Ice Dragons zone.
17:02 of 1st period - Dominik Simon is hit by Jordan LaVallee and loses puck.
17:10 of 1st period - Penalty to Corban Knight is over, Corban Knight is back on ice.
17:59 of 1st period - Brandon Kozun is hit by Jared Knight and loses puck.
18:26 of 1st period - Wrist shot by Logan MacMillan.
18:26 of 1st period - Stopped by Eric Comrie with a rebound.
18:55 of 1st period - Snap shot by Theodor Blueger.
18:55 of 1st period - Shot Misses the Net.
18:57 of 1st period - Wrist shot by Corban Knight.
18:57 of 1st period - Stopped by Eric Comrie without a rebound.
18:58 of 1st period - Corban Knight wins face-off versus Ryan Fitzgerald in Monsters zone.
19:11 of 1st period - Slapshot by Morgan Rielly.
19:11 of 1st period - Stopped by Chet Pickard with a rebound.
19:31 of 1st period - Wrist shot by Sam Carrick.
19:31 of 1st period - Stopped by Eric Comrie with a rebound.
Goals for this period are 1 for Monsters vs 0 for Ice Dragons.
Shots for this period are 16 for Monsters vs 12 for Ice Dragons.
2nd period
0:01 of 2nd period - Dominik Simon wins face-off versus Corban Knight in neutral zone.
0:04 of 2nd period - Snap shot by Brandon Kozun.
0:04 of 2nd period - Shot Blocked by Dominik Simon.
0:10 of 2nd period - Kevin Connauton is hit by Dominik Simon.
0:31 of 2nd period - Slapshot by Justin Florek.
0:31 of 2nd period - Stopped by Chet Pickard with a rebound.
0:33 of 2nd period - Snap shot by Ondrej Kase.
0:33 of 2nd period - Deflect By Justin Florek.
0:33 of 2nd period - Shot Blocked by Alex Plante.
0:33 of 2nd period - Puck is out of play.
0:34 of 2nd period - Sam Carrick wins face-off versus Jared Knight in Ice Dragons zone.
0:42 of 2nd period - Minor Penalty to Aaron Ness for Cross-checking.
0:43 of 2nd period - Corban Knight wins face-off versus Emerson Etem in Monsters zone.
0:57 of 2nd period - Backhand shot by Corban Knight.
0:57 of 2nd period - Goal by Corban Knight - Monsters : 1 - Ice Dragons : 1.
0:58 of 2nd period - Jared Knight wins face-off versus Brandon Kozun in neutral zone.
2:24 of 2nd period - Theodor Blueger is hit by Austin Watson.
3:55 of 2nd period - Slapshot by Luca Sbisa.
3:55 of 2nd period - Stopped by Eric Comrie without a rebound.
3:56 of 2nd period - Corban Knight wins face-off versus Dominik Simon in Monsters zone.
4:44 of 2nd period - Logan MacMillan is hit by Beau Starrett and loses puck.
5:22 of 2nd period - Snap shot by William Carrier.
5:22 of 2nd period - Stopped by Eric Comrie with a rebound.
6:25 of 2nd period - Wrist shot by Dominik Simon.
6:25 of 2nd period - Shot Misses the Net.
6:27 of 2nd period - Wrist shot by Dominik Simon.
6:27 of 2nd period - Deflect By Mitch Marner.
6:27 of 2nd period - Shot Misses the Net.
6:27 of 2nd period - Puck is out of play.
6:28 of 2nd period - Juho Lammikko wins face-off versus Dominik Simon in Ice Dragons zone.
6:28 of 2nd period - Juho Lammikko is hit by Mitch Marner.
6:52 of 2nd period - Off-side.
6:53 of 2nd period - Ryan Fitzgerald wins face-off versus Corban Knight in neutral zone.
7:04 of 2nd period - Snap shot by Brandon Kozun.
7:04 of 2nd period - Deflect By Jordan LaVallee.
7:04 of 2nd period - Stopped by Eric Comrie with a rebound.
7:18 of 2nd period - Aaron Ness is hit by Kevin Connauton and loses puck.
8:12 of 2nd period - Minor Penalty to Corban Knight for Holding.
8:13 of 2nd period - Mario Lucia wins face-off versus Andrew Gordon in Ice Dragons zone.
8:43 of 2nd period - Theodor Blueger is hit by Matt Calvert and loses puck.
10:06 of 2nd period - Mario Lucia is hit by Jared Knight and loses puck.
10:12 of 2nd period - Penalty to Corban Knight is over, Corban Knight is back on ice.
10:15 of 2nd period - Slapshot by Mitch Marner.
10:15 of 2nd period - Deflect By Austin Watson.
10:15 of 2nd period - Shot Misses the Net.
10:15 of 2nd period - Puck is out of play.
10:16 of 2nd period - Sam Carrick wins face-off versus Beau Starrett in Ice Dragons zone.
10:23 of 2nd period - Dillon Heatherington is hit by Sam Carrick and loses puck.
10:58 of 2nd period - Snap shot by Matt Calvert.
10:58 of 2nd period - Stopped by Chet Pickard with a rebound.
11:00 of 2nd period - Snap shot by Matt Calvert.
11:00 of 2nd period - Stopped by Chet Pickard with a rebound.
11:12 of 2nd period - Wrist shot by Justin Florek.
11:12 of 2nd period - Shot Blocked by Alex Plante.
11:52 of 2nd period - Roman Josi is hit by Justin Shugg and loses puck.
12:23 of 2nd period - Backhand shot by Andrew Gordon.
12:23 of 2nd period - Shot Blocked by William Carrier.
12:37 of 2nd period - Wrist shot by Justin Florek.
12:37 of 2nd period - Shot Blocked by Theodor Blueger.
12:39 of 2nd period - Slapshot by Aaron Ness.
12:39 of 2nd period - Deflect By Ryan Fitzgerald.
12:39 of 2nd period - Shot Misses the Net.
12:39 of 2nd period - Puck is out of play.
12:40 of 2nd period - Billy Sweat wins face-off versus Ryan Fitzgerald in Ice Dragons zone.
13:30 of 2nd period - Snap shot by Jared Knight.
13:30 of 2nd period - Stopped by Chet Pickard without a rebound.
13:31 of 2nd period - Emil Pettersson wins face-off versus Jared Knight in Ice Dragons zone.
13:48 of 2nd period - Icing by David Kolomatis.
13:49 of 2nd period - Corban Knight wins face-off versus Jared Knight in Monsters zone.
14:10 of 2nd period - Snap shot by Andrew Gordon.
14:10 of 2nd period - Shot Misses the Net.
14:18 of 2nd period - Backhand shot by Andrew Gordon.
14:18 of 2nd period - Shot Hit the Post.
14:20 of 2nd period - Snap shot by David Kolomatis.
14:20 of 2nd period - Stopped by Chet Pickard with a rebound.
14:22 of 2nd period - Snap shot by Jared Knight.
14:22 of 2nd period - Stopped by Chet Pickard without a rebound.
14:23 of 2nd period - Dominik Simon wins face-off versus Corban Knight in Ice Dragons zone.
14:26 of 2nd period - Slapshot by Mitch Marner.
14:26 of 2nd period - Stopped by Chet Pickard with a rebound.
14:28 of 2nd period - Wrist shot by Mitch Marner.
14:28 of 2nd period - Stopped by Chet Pickard without a rebound.
14:29 of 2nd period - Dominik Simon wins face-off versus Corban Knight in Ice Dragons zone.
14:44 of 2nd period - Slapshot by Shea Theodore.
14:44 of 2nd period - Shot Misses the Net.
15:00 of 2nd period - Snap shot by Sam Carrick.
15:00 of 2nd period - Stopped by Eric Comrie without a rebound.
15:01 of 2nd period - Dominik Simon wins face-off versus Sam Carrick in Monsters zone.
15:26 of 2nd period - Morgan Rielly is hit by Brandon Kozun and loses puck.
15:47 of 2nd period - Wrist shot by Logan MacMillan.
15:47 of 2nd period - Shot Misses the Net.
15:57 of 2nd period - Wrist shot by Chris Wagner.
15:57 of 2nd period - Stopped by Eric Comrie with a rebound.
16:50 of 2nd period - Snap shot by Luca Sbisa.
16:50 of 2nd period - Deflect By Andrew Gordon.
16:50 of 2nd period - Stopped by Eric Comrie with a rebound.
17:13 of 2nd period - Slapshot by Luca Sbisa.
17:13 of 2nd period - Shot Blocked by Dillon Heatherington.
17:15 of 2nd period - Snap shot by Logan MacMillan.
17:15 of 2nd period - Shot Misses the Net.
17:17 of 2nd period - Wrist shot by Logan MacMillan.
17:17 of 2nd period - Stopped by Eric Comrie with a rebound.
17:42 of 2nd period - Minor Penalty to Juho Lammikko for Interference.
17:43 of 2nd period - Corban Knight wins face-off versus Justin Florek in Ice Dragons zone.
19:41 of 2nd period - Aaron Ness is hit by Kevin Connauton.
19:42 of 2nd period - Penalty to Juho Lammikko is over, Juho Lammikko is back on ice.
19:51 of 2nd period - Slapshot by Luca Sbisa.
19:51 of 2nd period - Stopped by Eric Comrie with a rebound.
Goals for this period are 0 for Monsters vs 1 for Ice Dragons.
Shots for this period are 8 for Monsters vs 9 for Ice Dragons.
3rd period
0:01 of 3rd period - Corban Knight wins face-off versus Dominik Simon in neutral zone.
0:04 of 3rd period - Slapshot by Corban Knight.
0:04 of 3rd period - Goal by Corban Knight - Monsters : 1 - Ice Dragons : 2.
0:05 of 3rd period - Dominik Simon wins face-off versus Corban Knight in neutral zone.
1:21 of 3rd period - Slapshot by Austin Watson.
1:21 of 3rd period - Stopped by Chet Pickard with a rebound.
1:23 of 3rd period - Minor Penalty to Corban Knight for Hooking.
1:24 of 3rd period - Justin Florek wins face-off versus Mario Lucia in Ice Dragons zone.
1:39 of 3rd period - Slapshot by Shea Theodore.
1:39 of 3rd period - Deflect By Luca Sbisa.
1:39 of 3rd period - Stopped by Chet Pickard with a rebound.
2:20 of 3rd period - Alex Plante is hit by Morgan Rielly and loses puck.
2:55 of 3rd period - Mario Lucia is hit by Emerson Etem and loses puck.
3:23 of 3rd period - Penalty to Corban Knight is over, Corban Knight is back on ice.
3:30 of 3rd period - Corban Knight is hit by Roman Josi and loses puck.
3:59 of 3rd period - Alex Plante is hit by Beau Starrett and loses puck.
4:26 of 3rd period - Slapshot by Chris Wagner.
4:26 of 3rd period - Stopped by Eric Comrie without a rebound.
4:27 of 3rd period - Logan MacMillan wins face-off versus Dominik Simon in Monsters zone.
4:32 of 3rd period - Slapshot by Logan MacMillan.
4:32 of 3rd period - Shot Misses the Net.
4:42 of 3rd period - Snap shot by Logan MacMillan.
4:42 of 3rd period - Stopped by Eric Comrie without a rebound.
4:43 of 3rd period - Jordan LaVallee wins face-off versus Jared Knight in Monsters zone.
5:11 of 3rd period - Snap shot by Logan MacMillan.
5:11 of 3rd period - Stopped by Eric Comrie with a rebound.
5:25 of 3rd period - Wrist shot by Andrew Gordon.
5:25 of 3rd period - Shot Misses the Net.
5:27 of 3rd period - Wrist shot by Jared Knight.
5:27 of 3rd period - Goal by Jared Knight - Monsters : 2 - Ice Dragons : 2.
5:28 of 3rd period - Corban Knight wins face-off versus Dominik Simon in neutral zone.
5:53 of 3rd period - Morgan Rielly is hit by Luca Sbisa and loses puck.
6:20 of 3rd period - Morgan Rielly is hit by Emil Pettersson and loses puck.
7:01 of 3rd period - Wrist shot by Corban Knight.
7:01 of 3rd period - Stopped by Eric Comrie without a rebound.
7:02 of 3rd period - Jordan LaVallee wins face-off versus Dominik Simon in Monsters zone.
7:18 of 3rd period - Wrist shot by Emerson Etem.
7:18 of 3rd period - Shot Blocked by Luca Sbisa.
7:55 of 3rd period - Snap shot by Matt Calvert.
7:55 of 3rd period - Stopped by Chet Pickard without a rebound.
7:56 of 3rd period - Matt Calvert wins face-off versus Sam Carrick in Ice Dragons zone.
8:00 of 3rd period - Minor Penalty to Sam Carrick for Holding.
8:01 of 3rd period - Corban Knight wins face-off versus Justin Florek in Ice Dragons zone.
8:38 of 3rd period - Slapshot by Roman Josi.
8:38 of 3rd period - Stopped by Chet Pickard without a rebound.
8:39 of 3rd period - Billy Sweat wins face-off versus Justin Florek in Ice Dragons zone.
8:39 of 3rd period - Billy Sweat is hit by Justin Florek.
9:08 of 3rd period - Off-side.
9:09 of 3rd period - Dominik Simon wins face-off versus Corban Knight in neutral zone.
9:16 of 3rd period - Snap shot by Dominik Simon.
9:16 of 3rd period - Stopped by Chet Pickard without a rebound.
9:17 of 3rd period - Dominik Simon wins face-off versus Corban Knight in Ice Dragons zone.
10:00 of 3rd period - Penalty to Sam Carrick is over, Sam Carrick is back on ice.
10:26 of 3rd period - Wrist shot by Austin Watson.
10:26 of 3rd period - Stopped by Chet Pickard with a rebound.
10:34 of 3rd period - Snap shot by Samuel Groulx.
10:34 of 3rd period - Shot Blocked by Dillon Heatherington.
10:36 of 3rd period - Snap shot by Samuel Groulx.
10:36 of 3rd period - Stopped by Eric Comrie with a rebound.
10:44 of 3rd period - Wrist shot by Chris Wagner.
10:44 of 3rd period - Stopped by Eric Comrie with a rebound.
10:46 of 3rd period - Wrist shot by Emil Pettersson.
10:46 of 3rd period - Shot Blocked by Dillon Heatherington.
10:50 of 3rd period - Wrist shot by Logan MacMillan.
10:50 of 3rd period - Deflect By Emil Pettersson.
10:50 of 3rd period - Shot Blocked by Dillon Heatherington.
10:50 of 3rd period - Puck is out of play.
10:51 of 3rd period - Jared Knight wins face-off versus Corban Knight in Monsters zone.
11:06 of 3rd period - Slapshot by Andrew Gordon.
11:06 of 3rd period - Shot Misses the Net.
11:39 of 3rd period - Slapshot by Dominik Simon.
11:39 of 3rd period - Shot Misses the Net.
11:41 of 3rd period - Slapshot by Dillon Heatherington.
11:41 of 3rd period - Deflect By Dominik Simon.
11:41 of 3rd period - Stopped by Chet Pickard without a rebound.
11:42 of 3rd period - Dominik Simon wins face-off versus Theodor Blueger in Ice Dragons zone.
11:53 of 3rd period - Wrist shot by Juho Lammikko.
11:53 of 3rd period - Shot Blocked by David Kolomatis.
11:55 of 3rd period - Slapshot by Jerome Gauthier-Leduc.
11:55 of 3rd period - Shot Blocked by David Kolomatis.
11:57 of 3rd period - Wrist shot by Juho Lammikko.
11:57 of 3rd period - Stopped by Eric Comrie with a rebound.
12:18 of 3rd period - Minor Penalty to Jerome Gauthier-Leduc for Holding.
12:19 of 3rd period - Jordan LaVallee wins face-off versus Justin Florek in Ice Dragons zone.
12:45 of 3rd period - Kevin Connauton is hit by Matt Calvert and loses puck.
12:52 of 3rd period - Snap shot by Ondrej Kase.
12:52 of 3rd period - Stopped by Chet Pickard with a rebound.
12:54 of 3rd period - Snap shot by Matt Calvert.
12:54 of 3rd period - Shot Blocked by Luca Sbisa.
14:18 of 3rd period - Penalty to Jerome Gauthier-Leduc is over, Jerome Gauthier-Leduc is back on ice.
14:38 of 3rd period - Alex Plante is hit by Bobby Farnham and loses puck.
14:49 of 3rd period - Wrist shot by Emil Pettersson.
14:49 of 3rd period - Shot Misses the Net.
14:51 of 3rd period - Slapshot by Samuel Groulx.
14:51 of 3rd period - Stopped by Eric Comrie without a rebound.
14:52 of 3rd period - Emil Pettersson wins face-off versus Jared Knight in Monsters zone.
15:58 of 3rd period - Off-side.
15:59 of 3rd period - Jared Knight wins face-off versus Theodor Blueger in neutral zone.
16:10 of 3rd period - Backhand shot by Matt Calvert.
16:10 of 3rd period - Shot Blocked by Juho Lammikko.
16:12 of 3rd period - Snap shot by Aaron Ness.
16:12 of 3rd period - Shot Misses the Net.
16:14 of 3rd period - Wrist shot by Andrew Gordon.
16:14 of 3rd period - Shot Misses the Net.
16:26 of 3rd period - Alex Plante is hit by Justin Florek and loses puck.
16:53 of 3rd period - Kevin Connauton is hit by Emerson Etem and loses puck.
17:16 of 3rd period - Slapshot by Billy Sweat.
17:16 of 3rd period - Shot Blocked by Aaron Ness.
17:37 of 3rd period - Jerome Gauthier-Leduc is hit by Beau Starrett and loses puck.
17:56 of 3rd period - Snap shot by Justin Florek.
17:56 of 3rd period - Stopped by Chet Pickard without a rebound.
17:57 of 3rd period - Ryan Fitzgerald wins face-off versus Sam Carrick in Ice Dragons zone.
18:14 of 3rd period - Snap shot by Emerson Etem.
18:14 of 3rd period - Stopped by Chet Pickard with a rebound.
18:16 of 3rd period - Slapshot by Shea Theodore.
18:16 of 3rd period - Stopped by Chet Pickard with a rebound.
18:20 of 3rd period - Snap shot by Dominik Simon.
18:20 of 3rd period - Stopped by Chet Pickard without a rebound.
18:21 of 3rd period - Brandon Kozun wins face-off versus Ryan Fitzgerald in Ice Dragons zone.
18:48 of 3rd period - David Kolomatis is hit by Chris Wagner and loses puck.
19:29 of 3rd period - Slapshot by Samuel Groulx.
19:29 of 3rd period - Shot Blocked by Matt Calvert.
19:31 of 3rd period - Snap shot by Samuel Groulx.
19:31 of 3rd period - Shot Blocked by Bobby Farnham.
19:33 of 3rd period - Slapshot by Samuel Groulx.
19:33 of 3rd period - Stopped by Eric Comrie without a rebound.
19:34 of 3rd period - Corban Knight wins face-off versus Ryan Fitzgerald in Monsters zone.
Goals for this period are 1 for Monsters vs 1 for Ice Dragons.
Shots for this period are 13 for Monsters vs 10 for Ice Dragons.
Overtime #1
0:01 of 1st overtime period - Dominik Simon wins face-off versus Corban Knight in neutral zone.
0:06 of 1st overtime period - Snap shot by Dominik Simon.
0:06 of 1st overtime period - Shot Misses the Net.
0:14 of 1st overtime period - Snap shot by Corban Knight.
0:14 of 1st overtime period - Shot Misses the Net.
0:23 of 1st overtime period - Icing by Luca Sbisa.
0:24 of 1st overtime period - Corban Knight wins face-off versus Emerson Etem in Ice Dragons zone.
0:24 of 1st overtime period - Corban Knight is hit by Emerson Etem.
1:00 of 1st overtime period - Slapshot by Kevin Connauton.
1:00 of 1st overtime period - Shot Misses the Net.
1:39 of 1st overtime period - Luca Sbisa is hit by Morgan Rielly and loses puck.
1:58 of 1st overtime period - Mario Lucia is hit by Aaron Ness and loses puck.
2:21 of 1st overtime period - Alex Plante is hit by Roman Josi.
3:21 of 1st overtime period - Aaron Ness is hit by Phil Di Giuseppe and loses puck.
3:31 of 1st overtime period - Icing by Kevin Connauton.
3:32 of 1st overtime period - Matt Calvert wins face-off versus Corban Knight in Ice Dragons zone.
3:51 of 1st overtime period - David Shields is hit by Roman Josi and loses puck.
4:59 of 1st overtime period - Kevin Connauton is hit by Emerson Etem.
Goals for this period are 0 for Monsters vs 0 for Ice Dragons.
Shots for this period are 0 for Monsters vs 0 for Ice Dragons.
ShootOut
5:00 of 1st overtime period - Round #1.
5:00 of 1st overtime period - Monsters, Emerson Etem.
5:00 of 1st overtime period - Wrist shot by Emerson Etem.
5:00 of 1st overtime period - Shot Misses the Net.
5:00 of 1st overtime period - Ice Dragons, Corban Knight.
5:00 of 1st overtime period - Wrist shot by Corban Knight.
5:00 of 1st overtime period - Stopped by Eric Comrie.
5:00 of 1st overtime period - Round #2.
5:00 of 1st overtime period - Monsters, Dominik Simon.
5:00 of 1st overtime period - Wrist shot by Dominik Simon.
5:00 of 1st overtime period - Shot Misses the Net.
5:00 of 1st overtime period - Ice Dragons, Jordan LaVallee.
5:00 of 1st overtime period - Backhand shot by Jordan LaVallee.
5:00 of 1st overtime period - Shot Misses the Net.
5:00 of 1st overtime period - Round #3.
5:00 of 1st overtime period - Monsters, Andrew Gordon.
5:00 of 1st overtime period - Snap shot by Andrew Gordon.
5:00 of 1st overtime period - Stopped by Chet Pickard.
5:00 of 1st overtime period - Ice Dragons, Billy Sweat.
5:00 of 1st overtime period - Deke by Billy Sweat.
5:00 of 1st overtime period - Stopped by Eric Comrie.
5:00 of 1st overtime period - Round #4.
5:00 of 1st overtime period - Monsters, Matt Calvert.
5:00 of 1st overtime period - Deke by Matt Calvert.
5:00 of 1st overtime period - Goal by Matt Calvert.
5:00 of 1st overtime period - Ice Dragons, Sam Carrick.
5:00 of 1st overtime period - Snap shot by Sam Carrick.
5:00 of 1st overtime period - Stopped by Eric Comrie.
Output by the SimonT Hockey Simulator (STHS) for Francois Prevost